 Dungeon Crawl Stone Soup version 0.26-a0-800-g517d6fe721 (webtiles) character file.

Game seed: 14345667244362363888

291 2tc the Chopper (level 6, -1/47 HPs)
             Began as a Formicid Abyssal Knight on Nov 11, 2020.
             Was a Priest of Lugonu.
             Slain by a bullfrog zombie (4 damage)
             ... on level 4 of the Dungeon.
             The game lasted 00:10:44 (4113 turns).

2tc the Chopper (Formicid Abyssal Knight)           Turns: 4113, Time: 00:10:45

Health: -1/47      AC:  4    Str: 16    XL:     6   Next: 58%
Magic:  8/8        EV: 11    Int: 12    God:    Lugonu [***...]
Gold:   225        SH:  0    Dex: 12    Spells: 5/5 levels left

rFire    . . .     SeeInvis +   a - +2 hand axe
rCold    . . .     Faith    .   (no shield)
rNeg     + . .     Spirit   .   f - +2 robe {MR+}
rPois    .         Reflect  .   (helmet unavailable)
rElec    .         Harm     .   (no cloak)
rCorr    .         Rampage  .   (no gloves)
MR       +....                  (no boots)
Stlth    +.........             (no amulet)
HPRegen  0.15/turn              d - ring of positive energy
MPRegen  0.11/turn              (no ring)

@: lethally poisoned (-1 -> -3)
A: permanent stasis, dig shafts and tunnels, four strong arms, antennae 3
a: Dig, Shaft Self, Depart the Abyss, Bend Space, Banish, Renounce Religion


You were on level 4 of the Dungeon.
You worshipped Lugonu.
Lugonu was most pleased with you.
You visited 1 branch of the dungeon, and saw 4 of its levels.
You visited the Abyss 1 time.

You collected 225 gold pieces.

Inventory:

Hand Weapons
 a - a +2 hand axe (weapon)
Missiles
 j - 6 boomerangs (quivered)
Armour
 b - a +1 leather armour
 f - a +2 robe of magic resistance (worn)
Jewellery
 d - a ring of positive energy (left hand)
 g - an uncursed amulet of regeneration {unknown}
Scrolls
 l - 2 scrolls of fog {unknown}
Potions
 c - 3 potions of flight


   Skills:
 - Level 3.2 Fighting
 * Level 6.3 Axes
 - Level 2.1 Armour
 - Level 0.8 Dodging
 + Level 2.8 Invocations


You had 5 spell levels left.
You didn't know any spells.
Your spell library was empty.

Dungeon Overview and Level Annotations

Branches:
Dungeon (4/15)
 Temple: D:4-7

Altars:
Cheibriados
Nemelex Xobeh


Innate Abilities, Weirdness & Mutations

You cannot be hasted, slowed, berserked, paralysed or teleported.
You can dig through walls and to a lower floor.
Your four strong arms can wield two-handed weapons with a shield.
You have a pair of large antennae on your head. (SInv)


Message History

The bullfrog zombie is lightly damaged.
The orc priest mumbles some strange prayers to Beogh against you.
Beogh smites you!
* * * LOW HITPOINT WARNING * * *
The bullfrog zombie hits you but does no damage.
You feel magically purged.
The bullfrog zombie hits you but does no damage.
You closely miss the bullfrog zombie.
The bullfrog zombie is lightly damaged.
You feel sick.
The bullfrog zombie hits you but does no damage.
The bullfrog zombie hits you.
* * * LOW HITPOINT WARNING * * *
You slash the bullfrog zombie!
The bullfrog zombie is moderately damaged.
The bullfrog zombie closely misses you.
* * * LOW HITPOINT WARNING * * *
You feel sick. The bullfrog zombie hits you.
You die...

........# ###.###.#
...#...#.#######
......#.#.......#
#######.#######.####### {
..........†............ .
###############.##########...
######.######.......
..[.....@Zo.o........
#######.######....... #.#
.....## #.# ....... #.#
....... #.# ....... #.#
####... .. ...


You could see an orc priest, an orc and a bullfrog zombie.

Vanquished Creatures
  A scorpion (D:4)
  An orc priest (D:3)
  An orc wizard (D:4)
  Jessica (D:2)
  Robin (D:2)
  3 gnolls (D:2)
  2 adders (D:3)
  2 oozes (D:1)
  A worm (D:4)
  2 dart slugs
  A leopard gecko (D:1)
  8 orcs (D:3)
  5 bats
  A giant cockroach (D:3)
  14 goblins
  9 hobgoblins
  3 quokkas (D:3)
  4 ball pythons
  A ball python skeleton (D:4)
  8 frilled lizards
  6 kobolds
  14 rats
89 creatures vanquished.

Vanquished Creatures (others)
  5 plants (D:2)
5 creatures vanquished.

Grand Total: 94 creatures vanquished

Notes
Turn   | Place    | Note
-------+----------+-------------------------------------------
     0 | Abyss:1  | 2tc the Formicid Abyssal Knight began the quest for the
                  | Orb.
     0 | Abyss:1  | Reached XP level 1. HP: 18/18 MP: 2/2
    18 | D:1      | Escaped the Abyss
   263 | D:1      | Reached XP level 2. HP: 24/24 MP: 3/3
   565 | D:1      | Reached skill level 3 in Axes
   681 | D:1      | Reached ** piety under Lugonu
   688 | D:1      | Reached XP level 3. HP: 29/29 MP: 4/4
  1216 | D:2      | Noticed Robin
  1243 | D:2      | Killed Robin
  1243 | D:2      | Reached skill level 4 in Axes
  1243 | D:2      | Reached XP level 4. HP: 13/35 MP: 5/5
  2163 | D:2      | Reached XP level 5. HP: 27/41 MP: 6/6
  2287 | D:2      | Noticed Jessica
  2298 | D:2      | Killed Jessica
  2298 | D:2      | Reached skill level 5 in Axes
  2388 | D:2      | Found a snail-covered altar of Cheibriados.
  2942 | D:3      | Reached *** piety under Lugonu
  3375 | D:3      | Reached XP level 6. HP: 5/47 MP: 7/7
  4001 | D:4      | Found a sparkling altar of Nemelex Xobeh.
  4061 | D:4      | Reached skill level 6 in Axes
  4113 | D:4      | Slain by a bullfrog zombie

Illustrated notes

Levels and vault maps discovered:
D:1:      dpeg_arrival_prison, layout_rooms, grunt_decor_arrowhead,
          minmay_misc_feat_square, minmay_pentomino_v4
D:2:      layout_basic, cheibriados_altar_1, serial_bayou_lagoon_a,
          uniq_jessica, uniq_robin
D:3:      layout_basic
D:4:      layout_basic, kennysheep_mini_moat, nemelex_xobeh_ov_fountains_minmay

Skill      XL: |  1  2  3  4  5  6 |
---------------+-------------------+-----
Axes           | 3 4 5 6 |  6.3
Fighting       | |  3.2
Armour         | |  2.1
Dodging        | |  0.8
Invocations    | |  2.8

Action                   |  1- 3 |  4- 6 || total
-------------------------+-------+-------++-------
Melee: Hand axe          |   105 |   185 ||   290
Throw: Boomerang         |       |     3 ||     3
  Use: Scroll            |     5 |     4 ||     9
       Potion            |     1 |     3 ||     4
 Stab: Sleeping          |       |     1 ||     1
Armor: Leather armour    |    40 |     9 ||    49
       Robe              |       |    32 ||    32
Dodge: Dodged            |    56 |    93 ||   149

Table legend: (Time is in decaauts)
 A = Elapsed time spent in this place.
 B = Non-inter-level travel time spent in this place.
 C = Inter-level travel time spent in this place.
 D = Time resting spent in this place.
 E = Time spent auto-exploring this place.
 F = Levels seen in this place.
 G = Mean time per level.
                   A        B        C        D        E       F      G
               +--------+--------+--------+--------+--------+-----+--------+
         Total |   4149 |   4058 |     91 |   1440 |   1821 |   5 |  829.8 |
       Dungeon |   4131 |   4040 |     91 |   1440 |   1811 |   4 | 1032.8 |
         Abyss |     18 |     18 |      0 |      0 |     10 |   1 |   18.0 |
               +--------+--------+--------+--------+--------+-----+--------+

Top non-repeatable levels by time:
     D:1: 1567 daAuts
     D:3: 1248 daAuts
     D:2: 1193 daAuts
     D:4: 121 daAuts
 Abyss:1: 18 daAuts
